 Dungeon Crawl Stone Soup version 0.26-a0-663-g36e8fdb655 (webtiles) character file.

Game seed: 5960918629499834327

7 flotson the Sneak (level 1, -7/18 HPs)
             Began as a Demonspawn Delver on Oct 10, 2020.
             Mangled by a worm (11 damage)
             ... on level 3 of the Dungeon.
             The game lasted 00:01:02 (447 turns).

flotson the Sneak (Demonspawn Delver)                Turns: 447, Time: 00:01:02

Health: -7/18      AC:  3    Str: 12    XL:     1   Next: 83%
Magic:  1/1        EV: 12    Int: 11    God:
Gold:   36         SH:  0    Dex: 14    Spells: 0/0 levels left

rFire    . . .     SeeInvis .   g - -3 flail (curse)
rCold    . . .     Faith    .   (no shield)
rNeg     . . .     Spirit   .   a - +0 leather armour
rPois    .         Reflect  .   (no helmet)
rElec    .         Harm     .   (no cloak)
rCorr    .         Rampage  .   (no gloves)
MR       .....                  (no boots)
Stlth    ++........             (no amulet)
HPRegen  0.06/turn              (no ring)
MPRegen  0.07/turn              (no ring)

@: no status effects
A: no striking features
a: no special abilities


You were on level 3 of the Dungeon.
You visited 1 branch of the dungeon, and saw 3 of its levels.

You collected 36 gold pieces.

Inventory:

Hand Weapons
 g - a cursed -3 flail (weapon)
Armour
 a - a +0 leather armour (worn)
Wands
 f - a wand of digging (3)
Scrolls
 b - a scroll of fog
 c - a scroll of magic mapping
 d - a scroll of fear
 h - a scroll of remove curse {unknown}
 i - a scroll of teleportation {unknown}
 j - a scroll of random uselessness {unknown}
 k - a scroll of identify {unknown}
Potions
 e - a potion of haste


   Skills:
 + Level 3.1 Fighting
 + Level 0.5 Armour
 + Level 2.0 Dodging
 - Level 4.5 Stealth
 - Level 1.7 Unarmed Combat


You couldn't memorise any spells.
You didn't know any spells.
Your spell library was empty.

Dungeon Overview and Level Annotations

Branches:
Dungeon (5/15)
 Temple: D:4-7

Altars:


Message History

The worm is heavily wounded.
The worm bites you!
Ouch! That really hurt!
* * * LOW HITPOINT WARNING * * *
You are too injured to fight recklessly!
You are too injured to fight recklessly!
You are too injured to fight recklessly!
You are too injured to fight recklessly!
You are too injured to fight recklessly!
You are too injured to fight recklessly!
You are too injured to fight recklessly!
You are too injured to fight recklessly!
You hit the worm.
The worm is severely wounded.
The worm closely misses you.
You barely miss the worm.
The worm is severely wounded.
The worm bites you!
Ouch! That really hurt!
You die...

#.##.#.######.###.#...######
#.##.#.###............### #
#.##.#.##...........[...# #
#.##.#.##..##.###.#..##.# #
###.##.#.##..##.#..)...##.# #
#......÷.....##.#......##w# #
#.#..#.#(#...##........##.#
#.#.##..........#.........####
#..#.#.#.#.#.@................
#.###......†..w.####.#..######
#..#.#.#.#.###..# # #..
#...####.#.#....# #.. #..##
#.#.#.#.... .. #...
....#.###### .## ##### #.###
#. ..# ..#


You could see a worm.

Vanquished Creatures
  A worm (D:3)
  A ball python (D:3)
  A frilled lizard (D:3)
  2 rats (D:3)
5 creatures vanquished.

Notes
Turn   | Place    | Note
-------+----------+-------------------------------------------
     0 | D:5      | flotson the Demonspawn Delver began the quest for the Orb.
     0 | D:5      | Reached XP level 1. HP: 18/18 MP: 1/1
    21 | D:4      | Noticed a scorpion
   447 | D:3      | Mangled by a worm

Illustrated notes

Levels and vault maps discovered:
D:3:      layout_loops_ring
D:4:      layout_cave_pools, lemuel_coloured_pillars_altar, tso_metal_star,
          old_standard_altar, minmay_temple_entry_fiery, serial_glass,
          glass_columns_a, glass_columns_b, due_unseen_surprise,
          item_on_display_a, minmay_strange_pillars, gup_sewer_entry_bowl,
          uniq_duvessa, uniq_grinder
D:5:      layout_basic

Skill      XL: |  1 |
---------------+----+-----
Dodging        | 2 |  2.0
Fighting       | |  3.1
Armour         | |  0.5
Stealth        | |  4.5
Unarmed Combat | |  1.7

Action                   || total
-------------------------++-------
Melee: Flail             ||    32
Armor: Leather armour    ||     6
Dodge: Dodged            ||    17

Table legend: (Time is in decaauts)
 A = Elapsed time spent in this place.
 B = Non-inter-level travel time spent in this place.
 C = Inter-level travel time spent in this place.
 D = Time resting spent in this place.
 E = Time spent auto-exploring this place.
 F = Levels seen in this place.
 G = Mean time per level.
                   A        B        C        D        E       F      G
               +--------+--------+--------+--------+--------+-----+--------+
         Total |    458 |    458 |      0 |      0 |    289 |   3 |  152.7 |
       Dungeon |    458 |    458 |      0 |      0 |    289 |   3 |  152.7 |
               +--------+--------+--------+--------+--------+-----+--------+

Top non-repeatable levels by time:
     D:3: 435 daAuts
     D:5: 15 daAuts
     D:4: 7 daAuts
